 Dungeon Crawl Stone Soup version 0.30-a0-743-gbfdf073431 (webtiles) character file.

Game seed: 13878623794199903280

10957 M4edhros the Martial Artist (level 11, -4/80 (85) HPs)
             Began as an Octopode Transmuter on Feb 5, 2023.
             Was a High Priest of Cheibriados.
             Killed from afar by Josephine (35 damage)
             ... with a ghostly fireball
             ... on level 12 of the Dungeon.
             The game lasted 00:35:22 (5288 turns).

M4edhros the Martial Artist (Octopode Transmuter)   Turns: 5288, Time: 00:35:22

HP:   -4/80 (85)    AC:  8    Str: 22 (23) XL:     11   Next: 70%
MP:   2/14          EV: 18    Int: 27 (29) God:    Cheibriados [*****.]
Gold: 559           SH:  0    Dex: 29      Spells: 4/15 levels left

rFire   . . .      SeeInvis .      - Unarmed
rCold   + + .      Faith    .    (shield currently unavailable)
rNeg    . . .      Spirit   .    (helmet currently unavailable)
rPois   +          Reflect  .    c - amulet of regeneration
rElec   .          Harm     .    (no ring)
rCorr   .          Rampage  .    i - ring of fire
Will    .....                    (no ring)
Stlth   +++                      (no ring)
HPRegen 1.13/turn                (no ring)
MPRegen 0.14/turn                (no ring)
                                 (no ring)
                                 (no ring)

@: about to teleport, ice-form, drained, invisible, very slow
A: freezing attack, boosted hp, almost no armour, amphibious, 8 rings, large,
(camouflage 1), (gelatinous body 1), (nimble swimmer 1), (tentacles),
(iridescent scales 1), deterioration 1
a: End Transformation, Renounce Religion, Bend Time, Temporal Distortion,
Slouch, Step From Time


You were on level 12 of the Dungeon.
You worshipped Cheibriados.
Cheibriados was extremely pleased with you.
You were a creature of crystalline ice.
You visited 2 branches of the dungeon, and saw 13 of its levels.

You collected 559 gold pieces.

Inventory:

Hand Weapons
 w - a +6 arbalest (melded)
Missiles
 h - 39 poisoned darts (quivered)
 o - 2 atropa-tipped darts
 s - a throwing net
 x - 5 curare-tipped darts
Magical Staves
 z - a staff of fire
Jewellery
 b - an amulet of guardian spirit
 c - an amulet of regeneration (around neck)
 i - a ring of fire (right front paw)
 l - a ring of ice
Wands
 d - a wand of iceblast (2)
 f - a wand of quicksilver (2)
 u - a wand of flame (17)
 A - a wand of polymorph (4)
Scrolls
 e - a scroll of teleportation
 g - 2 scrolls of vulnerability
 k - 2 scrolls of fear
 m - a scroll of amnesia
 n - 3 scrolls of magic mapping
 q - 3 scrolls of poison
 v - a scroll of fog
 y - 4 scrolls of identify
Potions
 a - a potion of brilliance
 j - 2 potions of resistance
 p - a potion of magic
 r - a potion of lignification
 t - 2 potions of attraction


   Skills:
 - Level 5.0 Fighting
 + Level 8.4 Dodging
 + Level 3.5 Stealth
 - Level 11.5 Unarmed Combat
 + Level 2.6 Spellcasting
 - Level 4.0 Hexes
 - Level 6.0 Transmutations
 - Level 5.0 Ice Magic
 * Level 4.0 Invocations
 + Level 4.2 Evocations


You had 4 spell levels left.
You knew the following spells:

 Your Spells              Type           Power      Damage    Failure   Level
a - Beastly Appendage     Tmut           70%        N/A       1%          1
b - Spider Form           Tmut/Pois      19%        N/A       9%          3
c - Ice Form              Ice/Tmut       33%        N/A       10%         4
d - Tukima's Dance        Hex            25%        N/A       5%          3

Your spell library contained the following spells:

 Spells                   Type           Power      Damage    Failure   Level
 Wereblood                Tmut           35%        N/A       1%          2
 Ensorcelled Hibernation  Hex/Ice        54%        N/A       2%          2
 Passwall                 Tmut/Erth      15%        N/A       4%          2
 Portal Projectile        Hex/Tloc       28%        N/A       12%         3
 Scorch                   Fire           10%        2d5       14%         2
 Swiftness                Air            3%         N/A       28%         3
 Anguish                  Hex/Necr       7%         N/A       38%         4
 Flame Wave               Conj/Fire      5%         2d5       67%         4
 Blade Hands              Tmut           17%        N/A       22%         5
 Silence                  Hex/Air        7%         N/A       75%         5
 Iron Shot                Conj/Erth      1%         9d1       100%        6
 Summon Cactus Giant      Summ           1%         N/A       100%        6
 Enfeeble                 Hex            12%        N/A       100%        7
 Necromutation            Tmut/Necr      9%         N/A       100%        8
 Animate Armour           Summ/Erth      Unusable   N/A       N/A         4

Dungeon Overview and Level Annotations

Branches:
Dungeon (12/15)            Temple (1/1) D:6             Orc (0/2) D:11
   Lair: D:8-11

Altars:
Ashenzari
Cheibriados
Dithmenos
Gozag
Hepliaklqana
Kikubaaqudgha
Makhleb
Nemelex Xobeh
Okawaru
Qazlal
Sif Muna
Trog
Uskayaw
Vehumet
Xom
Yredelemnul
Zin
The Shining One
Jiyva

Shops:
D:3 (*

Annotations:
D:10 3 runed translucent doors, LetschGu's ghost, journeyman OgMo
D:12 Frances; Josephine


Innate Abilities, Weirdness & Mutations

You are a creature of crystalline ice.
You have a powerful freezing melee attack.
Your maximum health is increased.
Your armour is entirely melded.
You are incapable of wielding weapons or throwing items.
You cannot wear most types of armour.
You are amphibious.
You can wear up to eight rings at the same time.
((Your skin changes colour to match your surroundings (Stealth+).))
((Your rubbery body absorbs attacks. (AC +1, EV +1)))
((You are camouflaged when in or above water. (Stealth+)))
((You have tentacles for arms and can constrict up to eight enemies at once.))
((You are partially covered in iridescent scales. (AC +2)))
Your body sometimes deteriorates upon taking damage.


Message History

Iridescent scales grow over part of your body.
Your surroundings suddenly seem different.
A gargoyle, Josephine and 2 wraiths come into view.
Okay, then.
As you read the scroll of teleportation, it crumbles to dust.
You feel strangely unstable.
Okay, then.
Okay, then.
Unknown command.
Unknown command.
Casting: Ice Form (dangerous; 10% risk of failure)
Confirm with . or Enter, or press ? or * to list all spells.
Okay, then.
Casting: Ice Form (dangerous; 10% risk of failure)
Confirm with . or Enter, or press ? or * to list all spells.
Aiming: Tukima's Dance (dangerous; 5% risk of failure)
Press: ? - help, Shift-Dir - straight line, f - Josephine
Aim: Josephine, wielding a +0 glaive and wearing a +0 leather armour (wandering, unable to see you, hasn't noticed you, chance to affect: 23%) Josephine shouts!
Josephine resists with almost no effort.
You carefully extract the barbed spikes from your body.
Casting: Tukima's Dance (dangerous; 5% risk of failure)
Confirm with . or Enter, or press ? or * to list all spells.
Aiming: Tukima's Dance (dangerous; 5% risk of failure)
Press: ? - help, Shift-Dir - straight line, f/p - Josephine
Aim: Josephine, wielding a +0 glaive and wearing a +0 leather armour (unable to see you, chance to affect: 23%) Josephine resists with almost no effort.
The wraith hits you but does no damage. Josephine misses you.
The wraith closely misses you.
Casting: Tukima's Dance (dangerous; 5% risk of failure)
Confirm with . or Enter, or press ? or * to list all spells.
Aiming: Tukima's Dance (dangerous; 5% risk of failure)
Press: ? - help, Shift-Dir - straight line, f/p - Josephine
Aim: Josephine, wielding a +0 glaive and wearing a +0 leather armour (unable to see you, chance to affect: 23%) Josephine resists with almost no effort.
The wraith hits you. Josephine casts a spell at you.
The ghostly flame explodes!
The ghostly fireball engulfs you!!
You feel drained.
You die...

###############
..............
.............
...........####
.........@.....
.......W.......
.......Y.#
#######W.# ####
#..# .[... ....
..... .....
..... ##..###
..... #.## ....
..' .... ...


You could see Josephine (unable to see you) and 2 wraiths.

Vanquished Creatures
  Erica (D:10)
  3 two-headed ogres
  Amaemon (D:10)
  A gargoyle (D:11)
  An unseen horror (D:10)
  An orange demon (D:10)
  A wraith (D:12)
  6 yaks (D:10)
  4 fire bats (D:11)
  A steam dragon (D:10)
  6 vampire mosquitoes
  3 acid dragons
  2 wargs (D:11)
  A hell hound (D:11)
  2 water moccasins (D:6)
  4 orc warriors
  3 black bears
  3 ice beasts
  A wolf (D:12)
  An ogre (D:6)
  A centaur (D:11)
  4 kobold brigands
  3 bullfrogs
  3 gnoll sergeants
  2 scorpions
  2 necrophages
  8 wights (D:8)
  5 killer bees (D:10)
  2 jellies
  2 lava snakes (D:11)
  4 howler monkeys
  7 orc priests
  Terence (D:2)
  5 iguanas (D:5)
  6 orc wizards
  Robin (D:2)
  13 gnolls
  3 adders
  3 white imps
  A dart slug (D:5)
  30 orcs
  4 ball pythons
  5 endoplasms
  4 giant cockroaches
  9 goblins
  5 hobgoblins
  2 jackals (D:1)
  2 quokkas
  6 bats
  A frilled lizard (D:2)
  31 kobolds
  6 rats
  3 fire vortices (D:11)
230 creatures vanquished.

Vanquished Creatures (others)
  An unseen horror (D:12)
1 creature vanquished.

Grand Total: 231 creatures vanquished

Notes
Turn   | Place    | Note
-------+----------+-------------------------------------------
     0 | D:1      | M4edhros the Octopode Transmuter began the quest for the
                  | Orb.
     0 | D:1      | Reached XP level 1. HP: 13/13 MP: 3/3
   124 | D:2      | Noticed Terence
   137 | D:2      | Killed Terence
   138 | D:2      | Reached XP level 2. HP: 18/18 MP: 5/5
   138 | D:2      | Reached XP level 3. HP: 23/23 MP: 6/6
   329 | D:3      | Found Fogiod's Weapon Boutique.
   382 | D:3      | Found Naem's Assorted Antiques.
   383 | D:3      | Noticed a necrophage
   391 | D:3      | Killed a necrophage
   392 | D:3      | Reached skill level 4 in Unarmed Combat
   392 | D:3      | Reached XP level 4. HP: 21/28 MP: 7/7
   392 | D:3      | Reached XP level 5. HP: 25/33 MP: 8/8
   396 | D:3      | Learned a level 3 spell: Spider Form
   421 | D:3      | You fall into a shaft and drop 2 floors!
   421 | D:5      | Entered Level 5 of the Dungeon
   421 | D:5      | Found an ancient bone altar of Kikubaaqudgha.
   499 | D:5      | Reached skill level 1 in Evocations
   518 | D:5      | Got the Book of Jinxing and Vicissitude
   548 | D:6      | Noticed a black bear
   581 | D:6      | Noticed an ice beast
   583 | D:6      | Killed an ice beast
   584 | D:6      | Reached XP level 6. HP: 39/39 MP: 9/9
   614 | D:6      | Killed a black bear
   669 | D:6      | Learned a level 4 spell: Ice Form
   682 | D:6      | Noticed a water moccasin
   697 | D:6      | Killed a water moccasin
   698 | D:6      | Reached skill level 5 in Unarmed Combat
   698 | D:6      | Reached XP level 7. HP: 34/45 MP: 2/10
   712 | D:6      | Found a staircase to the Ecumenical Temple.
   786 | D:6      | Reached skill level 1 in Ice Magic
   868 | D:7      | Gained mutation: Your body sometimes deteriorates upon
                  | taking damage. [mutagenic glow]
   891 | Temple   | Entered the Ecumenical Temple
   985 | Temple   | Became a worshipper of Cheibriados the Contemplative
  1251 | D:5      | Found a shadowy altar of Dithmenos.
  1299 | D:5      | Reached XP level 8. HP: 38/52 MP: 11/11
  1514 | D:1      | Found a faded altar of an unknown god.
  1583 | D:1      | Reached * piety under Cheibriados
  1732 | D:2      | Noticed Robin
  1739 | D:2      | Killed Robin
  1966 | D:4      | Learned a level 3 spell: Tukima's Dance
  2026 | D:4      | Identified the +2 flail of Zafruk {antimagic, rC++}
  2042 | D:4      | Reached skill level 5 in Transmutations
  2076 | D:3      | Reached skill level 5 in Dodging
  2259 | D:6      | Noticed a two-headed ogre
  2267 | D:6      | Killed a two-headed ogre
  2268 | D:6      | Reached XP level 9. HP: 15/58 MP: 8/12
  2641 | D:7      | Reached ** piety under Cheibriados
  2996 | D:8      | Reached *** piety under Cheibriados
  3053 | D:8      | Reached skill level 5 in Fighting
  3190 | D:8      | Reached skill level 5 in Ice Magic
  3301 | D:9      | Reached XP level 10. HP: 66/66 MP: 8/13
  3438 | D:9      | Noticed a two-headed ogre
  3442 | D:9      | Noticed a two-headed ogre
  3614 | D:9      | Killed a two-headed ogre
  3615 | D:9      | Reached skill level 6 in Unarmed Combat
  3622 | D:9      | Killed a two-headed ogre
  3623 | D:9      | Reached skill level 7 in Unarmed Combat
  3685 | D:9      | Reached skill level 8 in Unarmed Combat
  3753 | D:9      | Reached **** piety under Cheibriados
  3847 | D:9      | Found a shimmering altar of Xom.
  3853 | D:9      | Found a hide-covered altar of Uskayaw.
  3937 | D:10     | Entered Level 10 of the Dungeon
  4015 | D:10     | Reached skill level 9 in Unarmed Combat
  4094 | D:10     | Reached skill level 10 in Unarmed Combat
  4106 | D:10     | Killed an unseen horror
  4106 | D:10     | Reached ***** piety under Cheibriados
  4107 | D:10     | Reached XP level 11. HP: 71/71 MP: 14/14
  4167 | D:10     | Noticed Erica
  4186 | D:10     | Killed Erica
  4187 | D:10     | Reached skill level 11 in Unarmed Combat
  4198 | D:10     | Noticed Amaemon
  4205 | D:10     | Found a runed translucent gate.
  4205 | D:10     | Found a runed translucent gate.
  4205 | D:10     | Found a runed translucent gate.
  4221 | D:10     | Noticed LetschGu's ghost (journeyman OgMo)
  4222 | D:10     | Noticed a great orb of eyes
  4223 | D:10     | Found the +5 consecrated labrys {holy, Valiant Fragile Fly
                  | SInv}
  4224 | D:10     | Found a viscous altar of Jiyva.
  4231 | D:10     | Killed Amaemon
  4540 | D:11     | Reached skill level 1 in Stealth
  4540 | D:11     | Reached skill level 1 in Invocations
  4796 | D:11     | Found a staircase to the Orcish Mines.
  5173 | D:12     | Noticed Sonja
  5174 | D:12     | Sonja changed into Sonja the wolf
  5174 | D:12     | Noticed Sonja
  5183 | D:12     | Killed Sonja the wolf
  5202 | D:12     | Noticed a two-headed ogre
  5203 | D:12     | Noticed a manticore
  5278 | D:12     | Noticed Frances
  5283 | D:12     | Gained mutation: You are partially covered in iridescent
                  | scales. (AC +2) [a neqoxec]
  5284 | D:12     | Noticed Josephine
  5288 | D:12     | Killed from afar by Josephine

Illustrated notes

Levels and vault maps discovered:
D:1:      tekkud_arrival_beachfront_property, layout_basic,
          dilly_ecumenical_altar_fadedgnrine
D:2:      layout_loops_ring, kennysheep_generic_room_16, uniq_robin,
          uniq_terence
D:3:      layout_loops_cross, serial_shops, nicolae_square_shop,
          nicolae_shop_bloodbath_and_beyond
D:4:      layout_layer_cave, uniq_edmund
D:5:      layout_basic, mainiacjoe_overflow_catch_the_wave
D:6:      layout_loops_corners, minmay_temple_entry_from_below_a, serial_shops,
          nicolae_shop_crystal
D:7:      layout_loops_ring, nrook_mini_vaults
D:8:      layout_rooms
D:9:      layout_loops_corners, amethyst_overflow_temple_binary
D:10:     layout_irregular_city, gammafunk_ghost_ooze, uniq_erica, uniq_amaemon
D:11:     layout_roguey, erik_lair_dragon, erik_orc_3,
          chequers_serial_rivers_room_a, hangedman_incinerator
D:12:     layout_long_grid, dk_noncrumbling_2, minmay_joined_circles,
          uniq_josephine, uniq_frances, uniq_sonja
Temple:   dpeg_five_rooms_temple

Skill      XL: |  1  2  3  4  5  6  7  8  9 10 11 |
---------------+----------------------------------+-----
Transmutations | 3 4 5 6 |  6.0
Unarmed Combat | 4 5 10 11 | 11.5
Evocations     | 1 2 3 4 |  4.2
Dodging        | 3 4 6 8 |  8.4
Fighting       | 2 3 4 5 |  5.0
Ice Magic      | 1 3 5 |  5.0
Hexes          | 2 4 |  4.0
Stealth        | 3 |  3.5
Invocations    | 4 |  4.0
Spellcasting   | |  2.6

Action                     |  1- 3 |  4- 6 |  7- 9 | 10-12 || total
---------------------------+-------+-------+-------+-------++-------
  Melee: Unarmed           |    41 |    47 |   286 |   190 ||   564
         Constrict         |     8 |     1 |    23 |       ||    32
         Punch             |     3 |       |     3 |       ||     6
         Tentacles         |    10 |     1 |    23 |       ||    34
   Fire: Arbalest          |       |       |       |    43 ||    43
  Throw: Dart              |       |       |       |     4 ||     4
   Cast: Spider Form       |       |     4 |       |     2 ||     6
         Ice Form          |       |     1 |    18 |    19 ||    38
         Tukima's Dance    |       |       |       |     6 ||     6
Ability: End Transformatio |       |       |       |     1 ||     1
  Evoke: Wand              |       |     3 |    13 |    12 ||    28
    Use: Potion            |     4 |     1 |     1 |     3 ||     9
         Scroll            |       |       |     9 |     6 ||    15
   Stab: Sleeping          |     2 |       |     7 |       ||     9
         Invisible         |       |       |       |     1 ||     1
 Armour: Skin              |     7 |     1 |    47 |    70 ||   125
  Dodge: Dodged            |    24 |    31 |   202 |   195 ||   452

Table legend: (Time is in decaauts)
 A = Elapsed time spent in this place.
 B = Non-inter-level travel time spent in this place.
 C = Inter-level travel time spent in this place.
 D = Time resting spent in this place.
 E = Time spent auto-exploring this place.
 F = Levels seen in this place.
 G = Mean time per level.
                   A        B        C        D        E       F      G
               +--------+--------+--------+--------+--------+-----+--------+
         Total |   7237 |   6697 |    540 |     20 |     61 |  13 |  556.7 |
       Dungeon |   7046 |   6602 |    444 |     20 |     61 |  12 |  587.2 |
        Temple |    191 |     95 |     96 |      0 |      0 |   1 |  191.0 |
               +--------+--------+--------+--------+--------+-----+--------+

Top non-repeatable levels by time:
    D:10: 892 daAuts
    D:11: 853 daAuts
     D:9: 826 daAuts
     D:6: 690 daAuts
     D:8: 650 daAuts
     D:7: 567 daAuts
     D:5: 514 daAuts
     D:3: 470 daAuts
    D:12: 469 daAuts
     D:2: 437 daAuts
     D:1: 435 daAuts
     D:4: 239 daAuts
  Temple: 191 daAuts
